 Dungeon Crawl Stone Soup version 0.24.0-125-gc4c63601f3 (webtiles) character file.

Game seed: 15893911524827152826, levelgen mode: deterministic

112 Peloso the Shield-Bearer (level 4, 0/40 HPs)
             Began as a Minotaur Fighter on Mar 18, 2020.
             Killed from afar by Blork the orc (5 damage)
             ... with a puff of flame
             ... on level 5 of the Dungeon.
             The game lasted 00:02:55 (1357 turns).

Peloso the Shield-Bearer (Minotaur Fighter)         Turns: 1357, Time: 00:02:55

Health: 0/40       AC:  7    Str: 21    XL:     4   Next: 64%
Magic:  3/3        EV:  8    Int:  5    God:
Gold:   80         SH: 10    Dex: 10    Spells: 3/3 levels left

rFire    . . .     SeeInvis .   a - +0 long sword
rCold    . . .     Gourm    .   c - +0 shield
rNeg     . . .     Faith    .   b - +0 scale mail
rPois    .         Spirit   .   (helmet restricted)
rElec    .         Reflect  .   (no cloak)
rCorr    .         Harm     .   (no gloves)
MR       .....                  (no boots)
Stlth    ..........             (no amulet)
HPRegen  0.13/turn              (no ring)
MPRegen  0.08/turn              (no ring)

@: no status effects
A: retaliatory headbutt, horns 2
a: no special abilities


You were on level 5 of the Dungeon.
You were hungry.

You visited 1 branch of the dungeon, and saw 4 of its levels.

You collected 80 gold pieces.

Inventory:

Hand Weapons
 a - a +0 long sword (weapon)
Armour
 b - a +0 scale mail (worn)
 c - a +0 shield (worn)
Scrolls
 e - a scroll of identify {unknown}
 g - a scroll of immolation {unknown}
 h - a scroll of random uselessness {unknown}
 i - a scroll of remove curse {unknown}
 k - 2 scrolls of enchant armour {unknown}
Potions
 d - a potion of might
Comestibles
 f - 3 rations


   Skills:
 + Level 4.1 Fighting
 + Level 3.0 Long Blades
 + Level 4.5 Armour
 + Level 1.0 Dodging
 + Level 5.0 Shields


You had 3 spell levels left.
You didn't know any spells.
Your spell library was empty.

Dungeon Overview and Level Annotations

Branches:
Dungeon (5/15)
 Temple: D:4-7

Altars:

Annotations:
D:5 Blork the orc


Innate Abilities, Weirdness & Mutations

You reflexively headbutt those who attack you in melee.
You have a pair of horns on your head.


Message History

You kill the iguana!
Your Shields skill increases to level 5!
Unknown command.
Found a dagger.
Found a ration.
Blork the orc comes into view.
He is wielding a +0 flail.
Blork the orc shouts!
Blork the orc gestures at you while chanting.
The puff of frost hits you.
* * * LOW HITPOINT WARNING * * *
Found 9 gold pieces.
You are feeling hungry.
You aren't carrying any items that you can evoke.
Blork the orc points at you and mumbles some strange words.
You block the puff of frost.
An ogre comes into view. It is wielding a +0 giant spiked club.
The ogre shouts!
You hear a bark!
Blork the orc casts a spell at you. The puff of flame hits you.
You die...

......# #.†.# ....%.#
##### ......# ......#
......# ### ## #####.#
#.. .# #.######.####.#
#.##..........#
#####.##.###.###@.#
...........o....$....O..
.........##..........#..
...........#...........#
...........#..#....#.#.#
...........#.......#....
..............#.##.# #.#
...........##.#....# ..
.##.##...... .# ##


You could see Blork the orc and an ogre.

Vanquished Creatures
  A worker ant (D:5)
  An iguana (D:5)
  3 gnolls (D:5)
  2 dart slugs (D:1)
  A leopard gecko (D:4)
  5 bats (D:1)
  A giant cockroach (D:1)
  2 hobgoblins (D:1)
  4 kobolds (D:1)
  A quokka (D:5)
  A frilled lizard (D:1)
  4 goblins (D:1)
  A quokka skeleton (D:4)
  3 rats (D:1)
30 creatures vanquished.

Notes
Turn   | Place    | Note
-------+----------+-------------------------------------------
     0 | D:1      | Peloso the Minotaur Fighter began the quest for the Orb.
     0 | D:1      | Reached XP level 1. HP: 19/19 MP: 0/0
   120 | D:1      | Reached XP level 2. HP: 27/27 MP: 1/1
   153 | D:1      | Reached skill level 4 in Shields
   861 | D:2      | You fall into a shaft and drop 2 floors!
   862 | D:4      | Noticed a scorpion
   866 | D:5      | Entered Level 5 of the Dungeon
   873 | D:5      | Reached XP level 3. HP: 29/33 MP: 2/2
   926 | D:5      | Reached XP level 4. HP: 12/40 MP: 3/3
   927 | D:5      | Reached skill level 1 in Dodging
  1321 | D:5      | Reached skill level 5 in Shields
  1346 | D:5      | Noticed Blork the orc
  1357 | D:5      | Noticed an ogre
  1357 | D:5      | Killed from afar by Blork the orc

Levels and vault maps discovered:
D:1:      dpeg_arrival_simpleton_b, layout_basic
D:2:      layout_loops_ring, nicolae_tso_swordbearing_angel
D:4:      layout_gridville, uniq_robin, uniq_duvessa
D:5:      layout_basic, lemuel_crystal_altar, lemuel_doored_altar,
          nicolae_qazlal_style_of_elements, first_ration, serial_park_tiny_1,
          uniq_eustachio, uniq_blork_the_orc

Skill      XL: |  1  2  3  4 |
---------------+-------------+-----
Armour         | 4 |  4.5
Shields        | 4 5 |  5.0
Fighting       | 4 |  4.1
Long Blades    | 3 |  3.0
Dodging        | 1 |  1.0

Action                   |  1- 3 |  4- 6 || total
-------------------------+-------+-------++-------
Melee: Long sword        |    69 |     7 ||    76
       Headbutt          |    10 |     2 ||    12
  Use: Potion            |     1 |       ||     1
  Eat: Chunk             |       |     1 ||     1
Armor: Scale mail        |    33 |     1 ||    34
Dodge: Dodged            |    32 |     5 ||    37
Block: Shield            |    49 |     6 ||    55
       Rpst.: Long sword |     8 |     2 ||    10
